 Dungeon Crawl Stone Soup version 0.29.0-4-gdea44cf6ec (webtiles) character file.

Game seed: 15799453849487601307

179 qw the Chopper (level 5, -12/30 HPs)
             Began as a Tengu Warper on Aug 28, 2022.
             Mangled by a hornet (13 damage)
             ... on level 3 of the Dungeon.
             The game lasted 00:00:22 (3588 turns).

qw the Chopper (Tengu Warper)                       Turns: 3588, Time: 00:00:23

Health: -12/30     AC: 11    Str: 13    XL:     5   Next: 59%
Magic:  9/9        EV:  4    Int: 13    God:
Gold:   187        SH:  0    Dex: 14    Spells: 8/8 levels left

rFire   . . .      SeeInvis .   Y - +0 hand axe
rCold   . . .      Faith    .   (no shield)
rNeg    . . .      Spirit   .   b - +1 plate armour
rPois   .          Reflect  .   (helmet restricted)
rElec   .          Harm     .   (no cloak)
rCorr   .          Rampage  .   (no gloves)
Will    .....                   (boots unavailable)
Stlth   ..........              h - amulet of regeneration
HPRegen 0.90/turn               (no ring)
MPRegen 0.11/turn               (no ring)

@: lethally poisoned (-12 -> -14), flying quickly and evasively, slowed,
invisible (expiring), very slow
A: beak, talons 3, nimble flight
a: no special abilities


You were on level 3 of the Dungeon.
You visited 1 branch of the dungeon, and saw 4 of its levels.

You collected 187 gold pieces.


Innate Abilities, Weirdness & Mutations

You have a beak for a mouth.
You have claws for feet.
Your magical nature lets you fly swiftly and evasively.


   Skills:
 - Level 2.0 Fighting
 - Level 6.2 Axes
 - Level 1.0 Throwing
 + Level 1.1 Armour
 - Level 2.1 Dodging
 - Level 2.0 Spellcasting
 - Level 2.4 Translocations


You had 8 spell levels left.
You didn't know any spells.
Your spell library contained the following spells:

 Spells                   Type           Power      Damage    Failure   Level
 Blink                    Tloc           14%        N/A       100%        2
 Gell's Gravitas          Tloc           7%         N/A       100%        3
 Lesser Beckoning         Tloc           7%         N/A       100%        3
 Teleport Other           Tloc           7%         N/A       100%        3
 Manifold Assault         Tloc           7%         N/A       100%        5

Inventory:

Hand Weapons
 m - a +0 morningstar
 Y - a +0 hand axe (weapon)
Armour
 b - a +1 plate armour (worn)
Jewellery
 h - an amulet of regeneration (around neck)
Scrolls
 a - a scroll of identify
Potions
 g - a potion of attraction {unknown}
 k - a potion of curing
 l - a potion of lignification {unknown}
 o - a potion of mutation {unknown}

Dungeon Overview and Level Annotations

Branches:
Dungeon (4/15)
 Temple: D:4-7

Altars:


Message History

You feel as though you will be slow longer.
The hornet stings you but does no damage. x2
You catch the helpless hornet completely off-guard!
You hit the hornet but do no damage. You claw the hornet, but do no damage.
The hornet is lightly wounded.
The hornet stings you but does no damage. x2
You hit the hornet but do no damage. Your peck misses the hornet.
The hornet is lightly wounded.
The hornet stings you.
You are poisoned.
You feel as though you will be slow longer.
The hornet barely misses you.
You hit the hornet. Your kick misses the hornet.
The hornet is lightly wounded.
You feel very sick. The hornet stings you.
You are lethally poisoned!
You feel as though you will be slow longer.
The hornet closely misses you.
3585 ||| DRINKING potion of heal wounds.
You feel much better.
You flicker for a moment.
You feel very sick. The hornet stings you.
You suddenly lose the ability to move!
The hornet stings you but does no damage.
You feel very sick.
The hornet stings you but does no damage. x2
You feel very sick. The hornet completely misses you.
You can move again.
You catch the helpless hornet completely off-guard!
You hit the hornet. Your peck misses the hornet.
The hornet is moderately wounded.
You feel very sick. The hornet stings you!
You feel as though you will be slow longer.
The hornet stings you.
You feel as though you will be slow longer.
The hornet stings you!
You die...

####################
...................# #########
.....#############.# #.......#
#....# ##.####.......# #....#
##......!......# .....##
##...........####
......#########.@y.......###
.........~~~......####...#
......~..~~..~.~..#~~#...#
##...~..~.~.~~...##~##...#
#~~~~~~~~~~~~~~~~~~~#....########
~~~~.~~~~~~~~~~~~~~##...##.......
##...~...........####...##.......
##)#~...................#.......
###.#.###..#..#..........#.......


You could see a hornet (unable to see you).

Vanquished Creatures
  Jessica (D:2)
  A gnoll (D:1)
  6 adders
  A worm (D:2)
  11 dart slugs
  4 bats
  5 endoplasms
  6 giant cockroaches
  5 goblins
  5 hobgoblins
  8 kobolds
  3 quokkas
  5 ball pythons
  3 frilled lizards
  4 rats
68 creatures vanquished.

Vanquished Creatures (others)
  2 fungi (D:1)
  5 plants (D:1)
7 creatures vanquished.

Grand Total: 75 creatures vanquished

Notes
Turn   | Place    | Note
-------+----------+-------------------------------------------
     0 | D:1      | qw the Tengu Warper began the quest for the Orb.
     0 | D:1      | Reached XP level 1. HP: 12/12 MP: 4/4
     0 | D:1      | 0 ||| qw: Version: 0.1-a-89-g26bdef1
     0 | D:1      | 0 ||| qw: Game counter: 1513
     0 | D:1      | 0 ||| qw: Always use a shield: true
     0 | D:1      | 0 ||| qw: God list: Okawaru
     0 | D:1      | 0 ||| qw: Allow faded altars: false
     0 | D:1      | 0 ||| qw: Do Orc after D:15 true
     0 | D:1      | 0 ||| qw: Do second Lair branch before Depths: true
     0 | D:1      | 0 ||| qw: Lair rune preference: random
     0 | D:1      | 0 ||| qw: Plans: Normal
     0 | D:1      | 0 ||| PLANNING D:1-11
    29 | D:1      | Found a faded altar of an unknown god.
   100 | D:1      | 100 ||| Stepping ~*~*~tactically~*~*~ (stealth).
   104 | D:1      | 104 ||| Stepping ~*~*~tactically~*~*~ (stealth).
   105 | D:1      | 105 ||| Stepping ~*~*~tactically~*~*~ (stealth).
   169 | D:1      | Reached skill level 3 in Axes
   169 | D:1      | Reached XP level 2. HP: 17/17 MP: 6/6
   526 | D:1      | 526 ||| Stepping ~*~*~tactically~*~*~ (hiding).
   527 | D:1      | 527 ||| Stepping ~*~*~tactically~*~*~ (hiding).
   641 | D:1      | 641 ||| Stepping ~*~*~tactically~*~*~ (hiding).
   743 | D:1      | 743 ||| Stepping ~*~*~tactically~*~*~ (hiding).
   835 | D:1      | HP: 1/17 [gnoll/+0 club (5)]
   837 | D:1      | Reached skill level 4 in Axes
   837 | D:1      | Reached XP level 3. HP: 2/21 MP: 7/7
   866 | D:1      | 866 ||| Stepping ~*~*~tactically~*~*~ (stealth).
   869 | D:1      | 869 ||| Stepping ~*~*~tactically~*~*~ (stealth).
  1282 | D:1      | 1282 ||| READING scroll labelled XAURIV MEPNI.
  1405 | D:1      | 1405 ||| DROPPING scroll of blinking.
  1415 | D:2      | 1415 ||| STAIRDANCE
  1526 | D:2      | Noticed Jessica
  1527 | D:2      | 1527 ||| Stepping ~*~*~tactically~*~*~ (hiding).
  1534 | D:2      | Killed Jessica
  1535 | D:2      | Reached XP level 4. HP: 22/26 MP: 8/8
  2309 | D:2      | Reached skill level 5 in Axes
  2766 | D:2      | 2766 ||| UPGRADING to +0 scale mail.
  2776 | D:2      | 2776 ||| DROPPING +0 leather armour.
  2777 | D:2      | 2777 ||| UPGRADING to amulet of regeneration.
  2782 | D:2      | 2782 ||| READING 2 scrolls labelled DULOIT BEXOSHU.
  2783 | D:2      | 2783 ||| READING scroll labelled DYROJY ZACAZXE.
  2784 | D:2      | 2784 ||| DRINKING 2 red potions.
  2820 | D:3      | 2820 ||| STAIRDANCE
  2825 | D:3      | 2825 ||| STAIRDANCE
  2901 | D:3      | Gained mutation: Your magical nature lets you fly swiftly
                  | and evasively. [Tengu growth]
  2901 | D:3      | Reached XP level 5. HP: 30/30 MP: 9/9
  2918 | D:3      | 2918 ||| DROPPING +0 whip.
  2980 | D:3      | 2980 ||| Stepping ~*~*~tactically~*~*~ (stealth).
  2981 | D:3      | 2981 ||| Stepping ~*~*~tactically~*~*~ (stealth).
  3008 | D:3      | 3008 ||| Stepping ~*~*~tactically~*~*~ (hiding).
  3063 | D:3      | Reached skill level 6 in Axes
  3441 | D:3      | 3441 ||| UPGRADING to +0 plate armour.
  3451 | D:3      | 3451 ||| DROPPING +0 scale mail.
  3452 | D:3      | 3452 ||| DROPPING orb of energy.
  3453 | D:3      | 3453 ||| READING scroll of enchant armour.
  3453 | D:3      | 3453 ||| ENCHANTING +0 plate armour.
  3454 | D:3      | 3454 ||| READING scroll labelled QIVODGH METAGASACK.
  3555 | D:3      | 3555 ||| DRINKING 2 pink potions.
  3556 | D:3      | 3556 ||| DRINKING 3 fizzy red potions.
  3557 | D:3      | 3557 ||| DRINKING 2 amethyst potions.
  3558 | D:3      | 3558 ||| DROPPING potion of flight.
  3559 | D:3      | 3559 ||| DROPPING 2 potions of invisibility.
  3568 | D:4      | Noticed a hornet
  3571 | D:4      | 3571 ||| STAIRDANCE
  3573 | D:3      | Paralysed by a hornet for 2 turns
  3575 | D:3      | HP: 5/30 [hornet (10)]
  3576 | D:3      | 3576 ||| DRINKING 3 potions of heal wounds.
  3580 | D:3      | 3580 ||| DRINKING 2 potions of heal wounds.
  3584 | D:3      | HP: 6/30 [hornet (4)]
  3585 | D:3      | 3585 ||| DRINKING potion of heal wounds.
  3585 | D:3      | Paralysed by a hornet for 3 turns
  3588 | D:3      | HP: 1/30 [hornet (5)]
  3588 | D:3      | Mangled by a hornet

Levels and vault maps discovered:
D:1:      psy_arrival_basics, layout_rooms, dreamdust_ecumenical_altar_grove,
          nicolae_grassy_gnolls
D:2:      layout_basic, uniq_jessica
D:3:      kennysheep_slugbush, layout_rooms, grunt_decor_fettered,
          kennysheep_decorative_pillar, chequers_serial_rivers_small_3
D:4:      layout_loops_ring, amcnicky_altar_gilded, nrook_campfire,
          nicolae_specific_store, sigmund_army, uniq_duvessa

Skill      XL: |  1  2  3  4  5 |
---------------+----------------+-----
Axes           | 3 4 5 6 |  6.2
Fighting       | |  2.0
Throwing       | |  1.0
Armour         | |  1.1
Dodging        | |  2.1
Spellcasting   | |  2.0
Translocations | |  2.4

Action                   |  1- 3 |  4- 6 || total
-------------------------+-------+-------++-------
Melee: Hand axe          |    58 |   124 ||   182
       Kick              |    15 |    38 ||    53
       Peck              |     5 |    15 ||    20
Throw: Boomerang         |     7 |       ||     7
  Use: Scroll            |     1 |     4 ||     5
       Potion            |       |     7 ||     7
 Stab: Sleeping          |     1 |       ||     1
       Invisible         |       |     3 ||     3
Armor: Leather armour    |    16 |     5 ||    21
       Scale mail        |       |    31 ||    31
       Plate armour      |       |    13 ||    13
Dodge: Dodged            |    31 |    52 ||    83

Table legend:
 A = Non-vault XP
 B = Vault XP
 C = Vault XP percentage of total XP
 D = Non-vault monster count
 E = Vault monster count
 F = Vault count percentage of total count
                 A         B        C        D         E       F
            +---------+---------+-------+---------+---------+-------
      Total |     170 |      87 |  33.9 |      57 |      11 |  16.2
            +---------+---------+-------+---------+---------+-------
        D:1 |      36 |      14 |  28.0 |      18 |       1 |   5.3
        D:2 |      61 |      37 |  37.8 |      21 |       1 |   4.5
        D:3 |      73 |      36 |  33.0 |      18 |       9 |  33.3
            +---------+---------+-------+---------+---------+-------
